 Dungeon Crawl Stone Soup version 0.27.1-2-g3b301248ec (webtiles) character file.

Game seed: 3734359594828206060

57 Dexcius the Chopper (level 3, -3/34 HPs)
             Began as a Minotaur Berserker on Sept 28, 2021.
             Was a Follower of Trog.
             Slain by a gnoll (12 damage)
             ... on level 4 of the Dungeon.
             The game lasted 00:03:41 (2623 turns).

Dexcius the Chopper (Minotaur Berserker)            Turns: 2623, Time: 00:03:41

Health: -3/34      AC:  5    Str: 21    XL:     3   Next: 73%
Magic:  2/2        EV:  6    Int:  4    God:    Trog [*.....]
Gold:   118        SH: 12    Dex: 10    Spells: 2/2 levels left

rFire    . . .     SeeInvis .   a - +0 hand axe
rCold    . . .     Faith    .   c - +0 tower shield
rNeg     . . .     Spirit   .   d - +0 ring mail
rPois    .         Reflect  .   (helmet restricted)
rElec    .         Harm     .   (no cloak)
rCorr    .         Rampage  .   (no gloves)
Will     .....                  (no boots)
Stlth    +.........             (no amulet)
HPRegen  0.11/turn              (no ring)
MPRegen  0.08/turn              (no ring)

@: no status effects
A: horns 2, retaliatory headbutt
a: Renounce Religion, Berserk


You were on level 4 of the Dungeon.
You worshipped Trog.
Trog was aware of your devotion.
You visited 1 branch of the dungeon, and saw 4 of its levels.

You collected 118 gold pieces.

Inventory:

Hand Weapons
 a - a +0 hand axe (weapon)
Armour
 c - a +0 tower shield (worn)
 d - a +0 ring mail (worn)
Scrolls
 b - a scroll of brand weapon {unknown}
 e - a scroll of fog {unknown}
 f - a scroll of identify {unknown}
 g - a scroll of holy word {unknown}
 h - a scroll of torment {unknown}
 j - a scroll of teleportation {unknown}
Potions
 i - a potion of haste {unknown}


   Skills:
 + Level 4.4 Fighting
 + Level 4.5 Axes
 + Level 2.7 Armour
 + Level 2.4 Dodging
 + Level 0.4 Stealth
 + Level 0.6 Shields


You had 2 spell levels left.
You didn't know any spells.
Your spell library was empty.

Dungeon Overview and Level Annotations

Branches:
Dungeon (4/15)
 Temple: D:4-7

Altars:

Shops:
D:2 !


Innate Abilities, Weirdness & Mutations

You have a pair of horns on your head.
You reflexively headbutt those who attack you in melee.


Message History

Trog accepts your kill.
HP restored.
You open the door.
There is an open door here.
A gnoll and a skeleton come into view.
The gnoll shouts!
You hear a shout! x2
A gnoll comes into view. It is wielding a +0 halberd.
There is an open door here.
The gnoll hits you from afar with a +0 spear.
There is an open door here.
The gnoll hits you with a +0 spear.
You hit the gnoll but do no damage. You headbutt the gnoll.
The gnoll is lightly wounded.
You block the gnoll's attack. x2
You closely miss the gnoll.
The gnoll is lightly wounded.
You block the gnoll's attack. x2
You hit the gnoll but do no damage.
You headbutt the gnoll, but do no damage.
The gnoll is lightly wounded.
The gnoll hits you from afar with a +0 halberd!
You block the gnoll's attack. x3
You fail to use your ability.
The gnoll hits you from afar with a +0 halberd.
The gnoll hits you but does no damage.
You hit the gnoll. Your headbutt misses the gnoll.
The gnoll is moderately wounded.
You block the gnoll's attack. x2
You hit the gnoll. You headbutt the gnoll.
The gnoll is severely wounded.
The gnoll barely misses you. The gnoll hits you but does no damage.
You block the gnoll's attack. The gnoll hits you with a +0 spear.
* * * LOW HITPOINT WARNING * * *
You hit the gnoll but do no damage.
The gnoll is severely wounded.
You block the gnoll's attack. x2
You barely miss the gnoll.
The gnoll is severely wounded.
The gnoll hits you from afar with a +0 halberd!
You die...

.# ##+#+##.##
.........
#......#
#....# #<...#
#....#
...#######...#
#..Zgg@'...#
......####...#
..... ##..#
g.g. #..# .Z.
#..# .. ...# .
#.## ... #.#


You could see 2 gnolls and an adder skeleton.

Vanquished Creatures
  An adder (D:3)
  2 worms
  A dart slug (D:2)
  An orc (D:3)
  4 endoplasms
  2 giant cockroaches
  5 goblins
  3 hobgoblins
  6 kobolds
  A quokka (D:1)
  3 ball pythons
  2 bats
  6 rats
37 creatures vanquished.

Notes
Turn   | Place    | Note
-------+----------+-------------------------------------------
     0 | D:1      | Dexcius the Minotaur Berserker began the quest for the Orb.
     0 | D:1      | Reached XP level 1. HP: 19/19 MP: 0/0
   542 | D:1      | Reached XP level 2. HP: 20/27 MP: 1/1
   697 | D:1      | Found a faded altar of an unknown god.
  1662 | D:2      | Found Kicuh's Distillery.
  1711 | D:2      | Reached XP level 3. HP: 33/33 MP: 2/2
  2623 | D:4      | Slain by a gnoll

Illustrated notes

Levels and vault maps discovered:
D:1:      dpeg_arrival_chambers_temple_mockup, layout_basic,
          ebering_ecumenical_altar_sacrificial
D:2:      layout_rooms, serial_shops, nicolae_shop_behind_doors,
          bh_walls_and_bars
D:3:      layout_rooms, grunt_decor_clamped, minmay_box_of_dots
D:4:      corexii_shantytown, layout_basic, gammafunk_ghost_arena

Skill      XL: |  1  2 |
---------------+-------+-----
Axes           | 4 |  4.5
Fighting       | 4 |  4.4
Armour         | |  2.7
Dodging        | |  2.4
Stealth        | |  0.4
Shields        | |  0.6

Action                   || total
-------------------------++-------
Melee: Hand axe          ||    83
       Headbutt          ||    16
Armor: Animal skin       ||     6
       Ring mail         ||    13
Dodge: Dodged            ||    24
Block: Tower shield      ||    48
